AoeStats
← The Beer Man

Arabia

509891810Analyzed
1v1 RM · 4d ago on Sep 28, 2026· 48m 21s· 2 players
Game mode
Random Map
Map size
Tiny (2 player)
Population
200
Speed
Normal
Resources
Standard
Victory
Conquest
Starting age
Dark Age
Ending age
Imperial Age
RankedLock teamsTeams togetherTeam positionsShared explorationLock speedFull tech treeHidden civsTurbo modeCheats
Victory
Defeat
🇬🇧 Bulgarians · United Kingdom
854
+15
🇭🇺 Danes · Hungary
823
-15
Patriknindzsa
10:24 Feudal Age
10:14 Loom
18:32 Fletching
21:09 Castle Age
19:13 Padded Archer Armor
19:10 Horse Collar
19:50 Double-Bit Axe
20:18 Stone Mining
22:00 Crossbowman
23:04 Bodkin Arrow
25:00 Town Watch
25:49 Gold Mining
26:26 Squires
29:39 Wheelbarrow
30:13 Bow Saw
31:36 Ballistics
33:58 Masonry
35:09 Scale Mail Armor
35:19 Forging
34:57 Arson
37:04 Gambesons
37:58 Thumb Ring
43:51 Imperial Age
45:53 Chemistry
44:25 Capped Ram
45:32 Conscription
The Beer Man
9:01 Loom
10:51 Feudal Age
20:44 Arson
26:18 Castle Age
25:10 Scale Mail Armor
25:21 Forging
25:02 Fletching
25:13 Padded Archer Armor
26:14 Stone Mining
27:12 Gambesons
27:28 Squires
34:12 Wheelbarrow
34:00 Gold Mining
38:19 Imperial Age
37:58 Elite Skirmisher
39:51 Double-Bit Axe
45:55 Chain Mail Armor
46:16 Iron Casting
45:37 Bodkin Arrow
Connection lost

Rejoining the realm…

Still unreachable

The connection could not be restored.

Session expired

The server has moved on; the page needs a fresh start.